 Dungeon Crawl Stone Soup version 0.29-a0-275-g389c0b56f3 (webtiles) character file.

Game seed: 7225072887026063409

49 jlumianski the Skirmisher (level 3, -3/29 HPs)
             Began as a Demonspawn Fighter on Mar 11, 2022.
             Slain by Natasha (5 damage)
             ... on level 2 of the Dungeon.
             The game lasted 00:05:01 (1781 turns).

jlumianski the Skirmisher (Demonspawn Fighter)      Turns: 1781, Time: 00:05:04

Health: -3/29      AC:  6    Str: 18    XL:     3   Next: 51%
Magic:  3/3        EV:  9    Int:  9    God:
Gold:   45         SH:  4    Dex: 12    Spells: 2/2 levels left

rFire   . . .      SeeInvis .   a - +0 war axe
rCold   . . .      Faith    .   c - +0 buckler
rNeg    . . .      Spirit   .   b - +0 scale mail
rPois   .          Reflect  .   (no helmet)
rElec   .          Harm     .   (no cloak)
rCorr   .          Rampage  .   (no gloves)
Will    .....                   (no boots)
Stlth   ..........              (no amulet)
HPRegen 0.09/turn               (no ring)
MPRegen 0.08/turn               (no ring)

@: mighty, slowed, very slow
A: powered by death 1
a: no special abilities


You were on level 2 of the Dungeon.
You visited 1 branch of the dungeon, and saw 2 of its levels.

You collected 45 gold pieces.

Inventory:

Hand Weapons
 a - a +0 war axe (weapon)
 f - a +2 dagger of pain
 o - a +0 hunting sling
Missiles
 g - 3 stones (quivered)
 k - a throwing net
Armour
 b - a +0 scale mail (worn)
 c - a +0 buckler (worn)
 h - a +0 tower shield
Scrolls
 e - a scroll of teleportation
 i - a scroll of noise
 l - a scroll of fear {unknown}
 m - a scroll of enchant weapon {unknown}
 n - a scroll of summoning {unknown}
 p - a scroll of amnesia {unknown}
Potions
 j - a potion of haste {unknown}


   Skills:
 + Level 3.3 Fighting
 + Level 2.7 Axes
 + Level 0.1 Throwing
 + Level 2.9 Armour
 + Level 3.0 Shields


You had 2 spell levels left.
You didn't know any spells.
Your spell library was empty.

Dungeon Overview and Level Annotations

Branches:
Dungeon (2/15)

Altars:

Annotations:
D:2 Natasha


Innate Abilities, Weirdness & Mutations

You regenerate a little health from kills.


Message History

You shoot a sling bullet.
The sling bullet hits Natasha but does no damage.
Natasha completely misses you.
a - a +0 war axe (weapon)
Natasha mumbles some strange words.
You barely miss Natasha. You barely miss the iron imp.
Natasha barely misses you.
The iron imp lashes its tail.
The iron imp hits you.
You closely miss Natasha. You barely miss the iron imp.
Natasha casts a spell at you.
You feel yourself slow down. The iron imp hits you!
You completely miss Natasha. You hit the iron imp but do no damage.
Natasha claws you. You block Natasha's attack. The iron imp barely misses you.
You hit Natasha.
Natasha is moderately wounded.
You hit the iron imp. Natasha casts a spell at you. The magic dart hits you.
The iron imp closely misses you.
Natasha wildly gestures.
Natasha's front paws start to glow.
You block Natasha's attack. The iron imp closely misses you.
You slash Natasha!
Natasha is severely wounded.
You hit the iron imp but do no damage. Natasha barely misses you.
The iron imp barely misses you. Natasha claws you.
* * * LOW HITPOINT WARNING * * *
The iron imp hits you.
* * * LOW HITPOINT WARNING * * *
You block Natasha's attack.
You feel very mighty all of a sudden. Natasha claws you but does no damage.
The iron imp hits you but does no damage.
You closely miss Natasha.
Natasha is severely wounded.
You slash the iron imp!
You kill the iron imp!
The iron imp disappears in a puff of smoke!
Natasha claws you.
You die...

####...##### #.......#
#...###.# ### ##### #.#
..# #.# # #.# ###.# ## .
# #.# ##.#.# ##.
>...#.#.#######....###..
......h@§............'.†
......#.#######....###..
.#..# #.# ##.#.# ##. ##
#.# ####.##### ..#
##......# # ###
#.###.#.# #.# #.#.#
#.###.#.# ##......###


You could see Natasha.

Vanquished Creatures
  An adder (D:2)
  A worm (D:2)
  3 dart slugs
  An endoplasm (D:2)
  A giant cockroach (D:1)
  5 goblins
  A hobgoblin (D:1)
  4 jackals (D:1)
  3 kobolds (D:1)
  2 ball pythons (D:1)
  3 frilled lizards (D:1)
  6 rats
31 creatures vanquished.

Notes
Turn   | Place    | Note
-------+----------+-------------------------------------------
     0 | D:1      | jlumianski the Demonspawn Fighter began the quest for the
                  | Orb.
     0 | D:1      | Reached XP level 1. HP: 18/18 MP: 1/1
   282 | D:1      | Gained mutation: You regenerate a little health from kills.
                  | [demonic ancestry]
   282 | D:1      | Reached XP level 2. HP: 24/24 MP: 2/2
  1121 | D:2      | Reached XP level 3. HP: 29/29 MP: 3/3
  1486 | D:2      | Found a faded altar of an unknown god.
  1769 | D:2      | Noticed Natasha
  1781 | D:2      | Slain by Natasha

Illustrated notes

Levels and vault maps discovered:
D:1:      lightli_arrival_flooded_house, layout_loops_ring
D:2:      layout_loops_corners, shapermc_ecumenical_altar_ellora, uniq_natasha

Skill      XL: |  1  2  3 |
---------------+----------+-----
Axes           | 2 |  2.7
Shields        | 3 |  3.0
Fighting       | |  3.3
Throwing       | |  0.1
Armour         | |  2.9

Action                   || total
-------------------------++-------
Melee: War axe           ||   120
 Fire: Hunting sling     ||     3
Throw: Stone             ||     7
  Use: Scroll            ||     2
       Potion            ||     1
Armor: Scale mail        ||    48
Dodge: Dodged            ||    57
Block: Buckler           ||    24

Table legend: (Time is in decaauts)
 A = Elapsed time spent in this place.
 B = Non-inter-level travel time spent in this place.
 C = Inter-level travel time spent in this place.
 D = Time resting spent in this place.
 E = Time spent auto-exploring this place.
 F = Levels seen in this place.
 G = Mean time per level.
                   A        B        C        D        E       F      G
               +--------+--------+--------+--------+--------+-----+--------+
         Total |   1839 |   1825 |     14 |      0 |   1423 |   2 |  919.5 |
       Dungeon |   1839 |   1825 |     14 |      0 |   1423 |   2 |  919.5 |
               +--------+--------+--------+--------+--------+-----+--------+

Top non-repeatable levels by time:
     D:1: 1154 daAuts
     D:2: 685 daAuts
